 Dungeon Crawl Stone Soup version 0.30-a0-172-gc5509c9e31 (webtiles) character file.

Game seed: 2957117775317210354

166 Flugkiller the Magician (level 5, -7/38 HPs)
             Began as a Mummy Ice Elementalist on Oct 2, 2022.
             Killed from afar by an orc wizard (9 damage)
             ... with a magic dart
             ... on level 4 of the Dungeon.
             The game lasted 00:02:49 (2857 turns).

Flugkiller the Magician (Mummy Ice Elementalist)    Turns: 2857, Time: 00:02:50

Health: -7/38      AC:  2    Str: 12    XL:     5   Next: 22%
Magic:  12/12      EV: 12    Int: 16    God:
Gold:   166        SH:  0    Dex: 12    Spells: 9/13 levels left

rFire   x . .      SeeInvis .    e - +0 trident
rCold   + . .      Faith    +    (no shield)
rNeg    + + +      Spirit   .    a - +0 robe
rPois   ∞          Reflect  .    (no helmet)
rElec   .          Harm     .    (no cloak)
rCorr   .          Rampage  .    (no gloves)
Will    .....                    (no boots)
Stlth   ++........               i - amulet of magic regeneration
HPRegen 0.26/turn                (no ring)
MPRegen 0.53/turn                (no ring)

@: about to teleport
A: cold resistance 1, negative energy resistance 3, torment resistance 2, heat
vulnerability 1, in touch with death 1, no potions, faith
a: no special abilities


You were on level 4 of the Dungeon.
You visited 1 branch of the dungeon, and saw 4 of its levels.

You collected 166 gold pieces.

Inventory:

Hand Weapons
 c - a +0 dagger
   (You took it off a kobold on level 1 of the Dungeon)
 e - a +0 trident (weapon)
   (You found it on level 1 of the Dungeon)
 g - a +0 dagger of protection
   (You found it on level 1 of the Dungeon)
 h - a +0 quarterstaff
   (You found it on level 2 of the Dungeon)
Missiles
 d - 5 poisoned darts
Armour
 a - a +0 robe (worn)
 j - the +18 Lear's hauberk
   (You found it on level 3 of the Dungeon)
Jewellery
 i - an amulet of magic regeneration (around neck)
   (You found it on level 2 of the Dungeon)
Scrolls
 f - a scroll of magic mapping
 k - a scroll of vulnerability
 r - 2 scrolls of identify


   Skills:
 - Level 2.0 Fighting
 - Level 1.5 Dodging
 - Level 1.5 Stealth
 + Level 4.7 Spellcasting
 + Level 4.2 Ice Magic


You had 9 spell levels left.
You knew the following spells:

 Your Spells              Type           Power      Damage    Failure   Level
a - Freeze                Ice            68%        1d8       2%          1
b - Frozen Ramparts       Ice            34%        1d6       9%          3

Your spell library contained the following spells:

 Spells                   Type           Power      Damage    Failure   Level
 Ozocubu's Armour         Ice            17%        N/A       9%          3
 Magic Dart               Conj           12%        1d3       16%         1
 Call Imp                 Summ           3%         N/A       24%         2
 Mephitic Cloud           Conj/Pois/Air  3%         N/A       43%         3
 Summon Ice Beast         Ice/Summ       10%        N/A       54%         4
 Ozocubu's Refrigeration  Ice            8%         4d9       100%        7


Dungeon Overview and Level Annotations

Branches:
Dungeon (4/15) Zot: 21091
 Temple: D:4-7

Altars:
Vehumet
Wu Jian

Shops:
D:3 (


Innate Abilities, Weirdness & Mutations

You are immune to poison.
Your flesh is cold resistant. (rC+)
You are immune to negative energy. (rN+++)
You are immune to unholy pain and torment.
You are vulnerable to heat. (rF-)
You are in touch with the powers of death.
You do not drink.
You have a special connection with the divine. (Faith)


Message History

No target in view!
No target in view!
No target in view!
No target in view!
No target in view!
Done exploring.
Done exploring.
Done exploring.
No target in view!
(D) Dungeon
Where to? (Enter - D:3, ? - help)
There is a stone staircase leading down here.
You climb downwards.
There is a stone staircase leading up here.
You hear a distant slurping noise.
An ogre comes into view. It is wielding a +0 giant club.
The ogre shouts!
An ogre is nearby!
An ogre is nearby!
There is a stone staircase leading up here.
You climb upwards.
There is a stone staircase leading down here.
There is an escape hatch in the ceiling here.
There is a stone staircase leading down here.
You climb downwards.
There is a stone staircase leading up here.
You hear a distant slurping noise.
An orc wizard opens the door.
It is wielding a +0 dagger.
An orc wizard is nearby!
An orc wizard is nearby!
The orc wizard shouts!
You hear a shout!
The orc wizard mumbles some strange words.
The orc wizard flickers and vanishes!
Deactivating autopickup; reactivate with Ctrl-A.
There is a stone staircase leading up here.
You climb upwards.
Reactivating autopickup.
There is a stone staircase leading down here.
You start waiting.
Done waiting.
You start removing your armour.
You continue taking off the +18 Lear's hauberk. x4
You finish taking off the +18 Lear's hauberk.
You start putting on your armour.
You continue putting on your +0 robe. x5
You finish putting on your +0 robe.
You climb downwards.
The orc wizard points at you and mumbles some strange words.
The magic dart hits you.
There is a stone staircase leading up here.
You climb upwards.
There is a stone staircase leading down here.
You start resting.
HP restored.
Okay, then.
Unknown command.
This spell is dangerous to cast!
Memorise Frozen Ramparts, consuming 3 spell levels and leaving 9?
You start memorising the spell.
You continue memorising. x3
You finish memorising.
Spell assigned to 'b'.
You climb downwards.
The orc priest shouts!
The orc wizard shouts!
The orc wizard gestures at you while chanting.
You are confused.
There is a stone staircase leading up here.
Unknown command.
You're too confused to cast spells.
Unknown command.
In your confused state, you trip and fall back down the stairs.
The orc wizard casts a spell.
The orc wizard flickers and vanishes!
Deactivating autopickup; reactivate with Ctrl-A.
The orc wizard hits you with a +0 dagger.
The orc priest hits you with a +0 war axe!
In your confused state, you trip and fall back down the stairs.
The orc wizard casts a spell at you. The magic dart hits you!
The orc priest barely misses you. Something hits you.
The orc wizard hits you but does no damage.
The orc priest hits you with a +0 war axe!
* * * LOW HITPOINT WARNING * * *
In your confused state, you trip and fall back down the stairs.
* * * LOW HITPOINT WARNING * * *
You feel less confused. Something hits you but does no damage.
The orc wizard hits you with a +0 dagger.
* * * LOW HITPOINT WARNING * * *
The orc priest barely misses you.
Okay, then.
As you read the scroll of teleportation, it crumbles to dust.
You feel strangely unstable.
You hear some strange, mumbled words.
Something tries to affect you, but you resist.
The orc wizard gestures wildly while chanting.
The orc wizard flickers and vanishes!
The orc priest barely misses you.
Unknown command.
Something hits you but does no damage.
You hear some strange, mumbled words.
A magic dart appears from out of thin air!
The magic dart hits you!
You die...

#.# #######.#
........##
##...########
#...........##
##...#####...##
# ##.##
#.....##.# #.#
#........# #.#
#.o@..#### #.#
##<{.## #.#
##### #.# #.#


You could see an orc priest.

Vanquished Creatures
  5 adders
  A worm (D:3)
  7 dart slugs
  10 orcs (D:3)
  9 ball pythons
  11 endoplasms
  4 giant cockroaches
  8 goblins
  4 hobgoblins
  2 jackals (D:3)
  10 kobolds
  4 quokkas
  5 bats
  4 frilled lizards
  6 rats
90 creatures vanquished.

Notes
Turn   | Place    | Note
-------+----------+-------------------------------------------
     0 | D:1      | Flugkiller the Mummy Ice Elementalist began the quest for
                  | the Orb.
     0 | D:1      | Reached XP level 1. HP: 13/13 MP: 4/4
   187 | D:1      | Reached XP level 2. HP: 20/20 MP: 3/6
   238 | D:1      | Reached skill level 1 in Fighting
   826 | D:1      | Gained mutation: You are in touch with the powers of death.
                  | [Mummy growth]
   826 | D:1      | Reached XP level 3. HP: 24/26 MP: 4/7
  1147 | D:2      | Reached XP level 4. HP: 30/33 MP: 3/9
  1383 | D:2      | Found a radiant altar of Vehumet.
  1551 | D:3      | Found the +18 Lear's hauberk
  1891 | D:3      | Found an ornate altar of the Wu Jian Council.
  1933 | D:3      | Found Arutt's Antique Weapon Shoppe.
  2112 | D:3      | Reached XP level 5. HP: 30/38 MP: 11/11
  2634 | D:4      | Noticed an ogre
  2848 | D:3      | Learned a level 3 spell: Frozen Ramparts
  2857 | D:4      | Killed from afar by an orc wizard

Illustrated notes

Levels and vault maps discovered:
D:1:      dpeg_arrival_round_a, layout_loops_ring
D:2:      layout_basic, basic_altar
D:3:      minmay_bubble_buster, layout_basic, pdpol_wu_jian_five_deadly_venoms,
          serial_shops, nicolae_shop_hallway_plus
D:4:      layout_loops_corners, lightli_temple_of_fire,
          minmay_temple_entry_purple_smoke, grunt_ministairs_10

Skill      XL: |  1  2  3  4 |
---------------+-------------+-----
Spellcasting   | 3 4 |  4.7
Fighting       | 1 2 |  2.0
Ice Magic      | 4 |  4.2
Dodging        | |  1.5
Stealth        | |  1.5

Action                   |  1- 3 |  4- 6 || total
-------------------------+-------+-------++-------
Melee: Unarmed           |     9 |       ||     9
       Dagger            |    39 |    10 ||    49
       Trident           |       |   169 ||   169
       Punch             |       |     2 ||     2
 Cast: Freeze            |    59 |    11 ||    70
  Use: Scroll            |       |     4 ||     4
 Stab: Sleeping          |     1 |       ||     1
Armor: Robe              |    25 |     6 ||    31
       Chain mail        |       |   135 ||   135
Dodge: Dodged            |    63 |    67 ||   130

Table legend: (Time is in decaauts)
 A = Elapsed time spent in this place.
 B = Non-inter-level travel time spent in this place.
 C = Inter-level travel time spent in this place.
 D = Time resting spent in this place.
 E = Time spent auto-exploring this place.
 F = Levels seen in this place.
 G = Mean time per level.
                   A        B        C        D        E       F      G
               +--------+--------+--------+--------+--------+-----+--------+
         Total |   2907 |   2830 |     77 |    426 |   1660 |   4 |  726.8 |
       Dungeon |   2907 |   2830 |     77 |    426 |   1660 |   4 |  726.8 |
               +--------+--------+--------+--------+--------+-----+--------+

Top non-repeatable levels by time:
     D:3: 1299 daAuts
     D:1: 916 daAuts
     D:2: 633 daAuts
     D:4: 58 daAuts
